 Dungeon Crawl Stone Soup version 0.27-a0-972-gd1521fd518 (webtiles) character file.

Game seed: 7605942790543646105

25 polve the Cutter (level 2, -1/24 HPs)
             Began as a Demonspawn Abyssal Knight on Apr 13, 2021.
             Was a Follower of Lugonu.
             Succumbed to an adder's poison
             ... on level 2 of the Dungeon.
             The game lasted 00:00:58 (779 turns).

polve the Cutter (Demonspawn Abyssal Knight)         Turns: 779, Time: 00:00:58

Health: -1/24      AC:  5    Str: 12    XL:     2   Next: 86%
Magic:  3/3        EV: 10    Int: 13    God:    Lugonu [*.....]
Gold:   52         SH:  0    Dex: 14    Spells: 1/1 levels left

rFire    . . .     SeeInvis .   a - +1 short sword
rCold    . . .     Faith    .   (no shield)
rNeg     . . .     Spirit   .   d - +0 ring mail
rPois    .         Reflect  .   (no helmet)
rElec    .         Harm     .   (no cloak)
rCorr    .         Rampage  .   (no gloves)
Will     .....                  (no boots)
Stlth    ++........             (no amulet)
HPRegen  0.08/turn              (no ring)
MPRegen  0.16/turn              (no ring)

@: lethally poisoned (-1 -> -10), unable to read
A: magic regeneration, thin skeletal structure 1, inability to read while
threatened
a: Renounce Religion, Depart the Abyss


You were on level 2 of the Dungeon.
You worshipped Lugonu.
Lugonu was aware of your devotion.
You visited 1 branch of the dungeon, and saw 2 of its levels.
You visited the Abyss 1 time.

You collected 52 gold pieces.

Inventory:

Hand Weapons
 a - a +1 short sword (weapon)
Armour
 b - a +0 leather armour
 d - a +0 ring mail (worn)
Scrolls
 c - a scroll of vulnerability {unknown}
 f - a scroll of amnesia {unknown}


   Skills:
 - Level 3.0 Fighting
 + Level 3.1 Short Blades
 - Level 1.7 Armour
 - Level 0.8 Dodging
 - Level 2.4 Invocations


You had one spell level left.
You didn't know any spells.
Your spell library was empty.

Dungeon Overview and Level Annotations

Branches:
Dungeon (2/15)

Altars:


Innate Abilities, Weirdness & Mutations

You regenerate magic rapidly.
You have a somewhat thin skeletal structure. (Dex +2, Stealth)
You sometimes lose the ability to read scrolls when taking damage.


Message History

The adder is heavily wounded.
The adder barely misses you.
You miss the adder.
The adder is heavily wounded.
The adder barely misses you.
You hit the adder but do no damage.
The adder is heavily wounded.
The adder barely misses you. x2
You barely miss the adder.
The adder is heavily wounded.
The adder closely misses you.
You barely miss the adder.
The adder is heavily wounded.
You can read scrolls again.
The adder bites you but does no damage.
You hit the adder.
The adder is severely wounded.
The adder bites you.
You feel threatened and lose the ability to read scrolls!
You closely miss the adder.
The adder is severely wounded.
The adder bites you.
You are poisoned.
The adder poisons you!
You miss the adder.
The adder is severely wounded.
You feel sick. The adder bites you but does no damage.
The adder closely misses you.
You barely miss the adder.
The adder is severely wounded.
You feel sick. The adder bites you.
* * * LOW HITPOINT WARNING * * *
You are more poisoned.
The adder poisons you!
You miss the adder.
The adder is severely wounded.
* * * LOW HITPOINT WARNING * * *
You feel sick. The adder barely misses you.
It was a potion of cancellation.
You feel magically purged.
You die...

# .# #. .#
#.######.# # #
#........#.###
#.#.............
#............#
#.......<....#.
.#.....S........#
.......@.........
##.##############


You could see an adder.

Vanquished Creatures
  4 ball pythons (D:1)
  2 endoplasms (D:1)
  3 giant cockroaches (D:1)
  A goblin (D:1)
  A hobgoblin (D:1)
  3 jackals (D:1)
  2 bats (D:1)
  A frilled lizard (D:2)
  2 kobolds (D:1)
  3 rats (D:1)
22 creatures vanquished.

Notes
Turn   | Place    | Note
-------+----------+-------------------------------------------
     0 | Abyss:1  | polve the Demonspawn Abyssal Knight began the quest for the
                  | Orb.
     0 | Abyss:1  | Reached XP level 1. HP: 18/18 MP: 2/2
    57 | Abyss:1  | Noticed a thrashing horror
    59 | Abyss:1  | Noticed a large abomination
    60 | D:1      | Escaped the Abyss
   128 | D:1      | Reached * piety under Lugonu
   208 | D:1      | Gained mutation: You sometimes lose the ability to read
                  | scrolls when taking damage. [potion of mutation]
   208 | D:1      | Gained mutation: You have a somewhat thin skeletal
                  | structure. (Dex +2, Stealth) [potion of mutation]
   236 | D:1      | Gained mutation: You regenerate magic rapidly. [demonic
                  | ancestry]
   236 | D:1      | Reached XP level 2. HP: 18/24 MP: 3/3
   778 | D:2      | HP: 1/24 [poisoned by an adder]
   779 | D:2      | Succumbed to an adder's poison

Illustrated notes

Levels and vault maps discovered:
D:1:      minmay_arrival_hallway, layout_rooms
D:2:      layout_basic, basic_ecumenical_altar

Skill      XL: |  1  2 |
---------------+-------+-----
Short Blades   | 2 3 |  3.1
Fighting       | |  3.0
Armour         | |  1.7
Dodging        | |  0.8
Invocations    | |  2.4

Action                   || total
-------------------------++-------
Melee: Short sword       ||    70
Invok: Depart the Abyss  ||     1
  Use: Potion            ||     2
 Stab: Sleeping          ||     1
Armor: Leather armour    ||    13
       Ring mail         ||    25
Dodge: Dodged            ||    51

Table legend: (Time is in decaauts)
 A = Elapsed time spent in this place.
 B = Non-inter-level travel time spent in this place.
 C = Inter-level travel time spent in this place.
 D = Time resting spent in this place.
 E = Time spent auto-exploring this place.
 F = Levels seen in this place.
 G = Mean time per level.
                   A        B        C        D        E       F      G
               +--------+--------+--------+--------+--------+-----+--------+
         Total |    776 |    776 |      0 |      0 |    595 |   3 |  258.7 |
       Dungeon |    716 |    716 |      0 |      0 |    544 |   2 |  358.0 |
         Abyss |     60 |     60 |      0 |      0 |     51 |   1 |   60.0 |
               +--------+--------+--------+--------+--------+-----+--------+

Top non-repeatable levels by time:
     D:1: 695 daAuts
 Abyss:1: 60 daAuts
     D:2: 20 daAuts
